 Dungeon Crawl Stone Soup version 0.28.0-47-ge53b351184 (webtiles) character file.

Game seed: 12127340852937538764

32 101zpm the Magician (level 3, 0/32 HPs)
             Began as a Troll Hedge Wizard on Apr 28, 2022.
             Slain by Sigmund
             ... wielding a +2 scythe of venom
              (5 damage)
             ... on level 2 of the Dungeon.
             The game lasted 00:01:19 (745 turns).

101zpm the Magician (Troll Hedge Wizard)             Turns: 745, Time: 00:01:20

Health: 0/32       AC:  4    Str: 18    XL:     3   Next: 8%
Magic:  5/5        EV: 10    Int: 12    God:
Gold:   101        SH:  0    Dex:  9    Spells: 5/6 levels left

rFire   . . .      SeeInvis .   a - +0 dagger
rCold   . . .      Faith    .   (no shield)
rNeg    . . .      Spirit   .   b - +0 robe
rPois   .          Reflect  .   c - +0 hat
rElec   .          Harm     .   (no cloak)
rCorr   .          Rampage  .   (gloves unavailable)
Will    .....                   (boots unavailable)
Stlth   +.........              (no amulet)
HPRegen 0.90/turn               (no ring)
MPRegen 0.09/turn               (no ring)

@: lethally poisoned (0 -> -13)
A: large, unfitting armour, claws 3, regeneration 1, shaggy fur 1, tough skin 1
a: no special abilities


You were on level 2 of the Dungeon.
You visited 1 branch of the dungeon, and saw 2 of its levels.

You collected 101 gold pieces.

Inventory:

Hand Weapons
 a - a +0 dagger (weapon)
Armour
 b - a +0 robe (worn)
 c - a +0 hat (worn)
Scrolls
 d - a scroll of vulnerability {unknown}
Potions
 e - a potion of degeneration {unknown}
 f - a potion of curing {unknown}
 g - 2 potions of flight {unknown}


   Skills:
 + Level 0.3 Fighting
 + Level 0.4 Short Blades
 + Level 2.0 Dodging
 + Level 1.0 Stealth
 + Level 2.3 Spellcasting
 + Level 0.6 Conjurations
 + Level 0.6 Summonings
 + Level 0.6 Translocations


You had 5 spell levels left.
You knew the following spells:

 Your Spells              Type           Power      Damage    Failure   Level
a - Magic Dart            Conj           8%         1d3       21%         1

Your spell library contained the following spells:

 Spells                   Type           Power      Damage    Failure   Level
 Slow                     Hex            4%         N/A       26%         1
 Blink                    Tloc           4%         N/A       30%         2
 Call Imp                 Summ           2%         N/A       30%         2
 Conjure Flame            Conj/Fire      2%         6-21      56%         3
 Stone Arrow              Conj/Erth      4%         3d7       56%         3
 Mephitic Cloud           Conj/Pois/Air  1%         N/A       58%         3
 Animate Armour           Summ/Erth      4%         N/A       93%         4
 Lehudib's Crystal Spear  Conj/Erth      1%         10d2      100%        8


Dungeon Overview and Level Annotations

Branches:
Dungeon (2/15)

Altars:

Annotations:
D:2 Natasha, Sigmund


Innate Abilities, Weirdness & Mutations

You are too large for most types of armour.
You have claws for hands.
Your natural rate of healing is unusually fast.
You are covered in fur. (AC +1)
You have tough skin. (AC +1)


Message History

A frilled lizard is nearby!
Sigmund the Dreaded comes into view.
He is wielding a +2 scythe of venom.
Sigmund shouts!
The frilled lizard hisses angrily.
You completely miss the frilled lizard.
A worm comes into view.
The frilled lizard closely misses you.
You closely miss the frilled lizard. The frilled lizard barely misses you.
You hit the frilled lizard.
The frilled lizard is heavily wounded.
Sigmund closely misses you. The frilled lizard barely misses you.
You hit the frilled lizard but do no damage.
The frilled lizard is heavily wounded.
The frilled lizard bites you but does no damage.
You barely miss the frilled lizard.
The frilled lizard is heavily wounded.
Sigmund whispers, "You'll know eternity soon."
Sigmund barely misses you.
Natasha, Servant of Life and Death comes into view.
The frilled lizard closely misses you.
Natasha hisses angrily.
You hit the frilled lizard.
You kill the frilled lizard!
Sigmund gestures at you while chanting. The magic dart hits you.
Sigmund hits you with a +2 scythe of venom!
You are poisoned.
You see here a frilled lizard corpse.
You closely miss Sigmund.
You feel very sick.
Natasha mumbles some strange words.
You closely miss Sigmund.
You feel sick.
Natasha mumbles some strange words.
Sigmund hits you with a +2 scythe of venom!
You are lethally poisoned!
You are too injured to fight recklessly!
You are too injured to fight recklessly!
* * * LOW HITPOINT WARNING * * *
You feel very sick.
Sigmund hits you from afar with a +2 scythe of venom.
You die...

#########.. .......
.)†......... .......
<.#..####.#.## .......
.............. .$.....
#.#...###.....###.5.....
#................w.h....
#...#..#####.....@.5....
...##...........†#
......######....@######
......# #........".#
......# #.....##.....
......# #........#.#.
......######..).........
.......##........#..#.#.
.................##.....
........#######.....#.#
...###### #........


You could see Sigmund, a worm and an iron imp (summoned).

Vanquished Creatures
  2 dart slugs (D:1)
  4 endoplasms (D:1)
  A giant cockroach (D:1)
  A goblin (D:1)
  3 hobgoblins (D:1)
  4 kobolds
  2 quokkas (D:1)
  5 ball pythons
  3 bats
  A frilled lizard (D:2)
26 creatures vanquished.

Vanquished Creatures (others)
  4 toadstools (D:1)
4 creatures vanquished.

Grand Total: 30 creatures vanquished

Notes
Turn   | Place    | Note
-------+----------+-------------------------------------------
     0 | D:1      | 101zpm the Troll Hedge Wizard began the quest for the Orb.
     0 | D:1      | Reached XP level 1. HP: 16/16 MP: 2/2
   100 | D:1      | Reached XP level 2. HP: 23/24 MP: 4/4
   439 | D:1      | Found a faded altar of an unknown god.
   664 | D:2      | Reached XP level 3. HP: 28/31 MP: 5/5
   735 | D:2      | Noticed Sigmund
   740 | D:2      | Noticed Natasha
   745 | D:2      | Slain by Sigmund

Illustrated notes

Levels and vault maps discovered:
D:1:      ldierk_water_garden, layout_rooms,
          shapermc_ecumenical_altar_mp_vishouse, st_stairs_9
D:2:      layout_rooms, serial_glass, glass_columns_a, glass_columns_c,
          glass_columns_a, glass_columns_b, glass_columns_b, glass_columns_c,
          glass_columns_a, glass_columns_a, serial_shops, nicolae_shop_crystal,
          pf_guarded_unrand_woodcutter, uniq_crazy_yiuf_cottage, uniq_natasha,
          uniq_sigmund

Skill      XL: |  1  2 |
---------------+-------+-----
Dodging        | 2 |  2.0
Fighting       | |  0.3
Short Blades   | |  0.4
Stealth        | |  1.0
Spellcasting   | |  2.3
Conjurations   | |  0.6
Summonings     | |  0.6
Translocations | |  0.6

Action                   || total
-------------------------++-------
Melee: Dagger            ||   154
       Punch             ||     2
Armor: Robe              ||    54
Dodge: Dodged            ||    71
